 Dungeon Sprint DCSS version 0.26-a0-638-gcca6ad1 (webtiles) character file.

Game seed: 15764471422751670232

12 Deeps the Covered (level 2, 0/26 HPs)
             Began as a Formicid Fighter on Sept 15, 2020.
             Splashed by a jelly's acid (6 damage)
             ... in the Dungeon (Sprint IX: "|||||||||||||||||||||||||||||").
             The game lasted 00:00:11 (90 turns).

Deeps the Covered (Formicid Fighter)                  Turns: 90, Time: 00:00:11

Health: 0/26       AC: -4    Str: 20    XL:     2   Next: 45%
Magic:  2/2        EV:  9    Int:  7    God:
Gold:   0          SH:  0    Dex: 10    Spells: 1/1 levels left

rFire    . . .     SeeInvis +   a - +0 long sword
rCold    . . .     Faith    .   (no shield)
rNeg     . . .     Spirit   .   b - +0 scale mail
rPois    .         Reflect  .   (helmet unavailable)
rElec    .         Harm     .   (no cloak)
rCorr    .         Rampage  .   (no gloves)
MR       .....                  (no boots)
Stlth    ..........             (no amulet)
HPRegen  0.08/turn              (no ring)
MPRegen  0.08/turn              (no ring)

@: corroded
A: permanent stasis, dig shafts and tunnels, four strong arms, antennae 3
a: Dig


You were in the Dungeon.
You visited 1 branch

Inventory:

Hand Weapons
 a - a +0 long sword (weapon)
Armour
 b - a +0 scale mail (worn)
Potions
 d - a potion of might
 e - a potion of curing
 f - a potion of heal wounds
 g - 2 potions of magic


   Skills:
 + Level 4.3 Fighting
 + Level 3.2 Long Blades
 + Level 4.3 Armour
   Level 3.6 Shields


You had one spell level left.
You didn't know any spells.
Your spell library was empty.

Dungeon Overview and Level Annotations

Branches:
Dungeon (1/1)

Altars:


Innate Abilities, Weirdness & Mutations

You cannot be hasted, slowed, berserked, paralysed or teleported.
You can dig through walls and to a lower floor.
Your four strong arms can wield two-handed weapons with a shield.
You have a pair of large antennae on your head. (SInv)


Message History

Options error: Bad object type '%}\|' for autopickup. (~/.crawlrc:751) Welcome, Deeps the Formicid Fighter.
Found a staircase leading out of the dungeon.
Drop what? 7/52 slots (_ for help) (? for menu, Esc to quit)
You start removing your armour.
You continue taking off your +0 kite shield. x4
You finish taking off your +0 kite shield.
You drop a +0 kite shield.
You stop training Shields.
You open the door.
A frilled lizard, a giant cockroach and 3 dart slugs come into view.
The frilled lizard hisses angrily.
You slash the giant cockroach!
You kill the giant cockroach!
You hit the dart slug. The dart slug launches a dart at you.
The slug dart hits you.
You take 2 damage, and have 16/18 hp.
You hit the dart slug. The dart slug launches a dart at you.
The slug dart hits you but does no damage.
You hit the dart slug.
You kill the dart slug!
You slash the dart slug!
The dart slug bites you but does no damage.
You hit the dart slug. The dart slug launches a dart at you.
The slug dart hits you.
You take 2 damage, and have 15/19 hp.
You slash the dart slug!
You kill the dart slug!
Your Fighting skill increases to level 4!
Your Armour skill increases to level 4!
You have reached level 2!
The dart slug launches a dart at you.
The slug dart hits you but does no damage.
You regained 4 hp, and now have 19/25 hp.
MP restored: 2 The dart slug bites you but does no damage.
There is an open door to the Dungeon here.
Things that are here:
a dart slug corpse; a giant cockroach corpse You slash the dart slug!
You kill the dart slug!
Your Long Blades skill increases to level 3!
You barely miss the frilled lizard.
The frilled lizard bites you but does no damage.
You closely miss the frilled lizard. The frilled lizard barely misses you.
You miss the frilled lizard. The frilled lizard closely misses you.
The frilled lizard bites you but does no damage.
You slash the frilled lizard!
You kill the frilled lizard!
Unknown command.
You start resting.
Health restored: 25 You open the door.
An adder, a jelly, a worker ant, an orc and a skeleton come into view.
The orc is wielding a +1 dagger of freezing.
The orc shouts!
The jelly quivers.
The adder hisses angrily.
The worker ant twitches its antennae in your direction.
You hit the orc but do no damage. The orc hits you but does no damage.
You closely miss the orc. The orc closely misses you.
You hit the orc. The orc hits you but does no damage.
The orc barely misses you.
You riposte.
You closely miss the orc. You hit the orc but do no damage.
The orc hits you but does no damage.
You hit the orc.
You kill the orc!
Health restored: 26 You hit the jelly.
Your hands burn!
The jelly hits you but does no damage.
You take 2 damage, and have 24/26 hp.
You slash the jelly! The acid corrodes you!
Your hands burn!
The jelly closely misses you.
You take 4 damage, and have 20/26 hp.
Unknown command.
You hit the jelly but do no damage. The acid corrodes you!
Your hands burn!
The jelly hits you.
You are splashed with acid!
The jelly barely misses you.
You take 11 damage, and have 9/26 hp.
MASSIVE DAMAGE!!
You hit the jelly but do no damage. The acid corrodes you!
Your hands burn!
* * * LOW HITPOINT WARNING * * *
The jelly hits you.
* * * LOW HITPOINT WARNING * * *
You are splashed with acid.
You die...

▓.▓
▓.▓
▓.▓
▓†▓
▓.▓
▓.▓
▓.▓
▓.▓
▓@▓
▓J▓
▓S▓
▓a▓
▓Z▓
▓.▓
▓.▓
▓+▓


You could see a jelly, a worker ant, an adder and an adder skeleton.

Vanquished Creatures
  3 dart slugs (D)
  An orc (D)
  A giant cockroach (D)
  A frilled lizard (D)
6 creatures vanquished.

Notes
Turn   | Place    | Note
-------+----------+-------------------------------------------
     0 | D        | Deeps the Formicid Fighter began the quest for the Orb.
     0 | D        | Reached XP level 1. HP: 18/18 MP: 1/1
    16 | D        | Reached skill level 4 in Fighting
    16 | D        | Reached skill level 4 in Armour
    16 | D        | Reached XP level 2. HP: 19/25 MP: 2/2
    18 | D        | Reached skill level 3 in Long Blades
    90 | D        | HP: 6/26 [acid (3)]
    90 | D        | Splashed by a jelly's acid

Illustrated notes

Levels and vault maps discovered:
D:        linesprint [early_d, line_temple, items_1, d_10, items_2, lair_1,
          lair_end, items_3, orc_1, orc_end, items_4, d_15, swamp_1, shoals_1,
          snake_1, spider_1, d_20, vaults_1, items_5, swamp_end, shoals_end,
          snake_end, spider_end, vaults_end, d_27, items_6, zot_1, zot_end,
          crypt_end, forest_end, elf_end, slime_end, tomb_end, abyss_end,
          pan_hell_end]

Skill      XL: |  1  2 |
---------------+-------+-----
Fighting       | 4 |  4.3
Armour         | 4 |  4.3
Long Blades    | 3 |  3.2
Shields        | |  3.6

Action                   || total
-------------------------++-------
Melee: Long sword        ||    21
Armor: Scale mail        ||     7
Dodge: Dodged            ||     6
       Rpst.: Long sword ||     1

Table legend: (Time is in decaauts)
 A = Elapsed time spent in this place.
 B = Non-inter-level travel time spent in this place.
 C = Inter-level travel time spent in this place.
 D = Time resting spent in this place.
 E = Time spent auto-exploring this place.
 F = Levels seen in this place.
 G = Mean time per level.
                   A        B        C        D        E       F      G
               +--------+--------+--------+--------+--------+-----+--------+
         Total |     95 |     95 |      0 |     53 |      0 |   1 |   95.0 |
       Dungeon |     95 |     95 |      0 |     53 |      0 |   1 |   95.0 |
               +--------+--------+--------+--------+--------+-----+--------+

Top non-repeatable levels by time:
       D: 95 daAuts

Table legend:
 A = Kills in this place as a percentage of kills in entire the game.
 B = Kills by you in this place as a percentage of kills by you in the entire game.
 C = Kills by friends in this place as a percentage of kills by friends in the entire game.
 D = Other kills in this place as a percentage of other kills in the entire game.
 E = Experience gained in this place as a percentage of experience gained in the entire game.
 F = Experience gained in this place divided by the number of levels of this place that you have seen.
                   A       B       C       D       E      F
               +-------+-------+-------+-------+-------+----------------------
         Total | 100.0 | 100.0 |   N/A |   N/A | 100.0 |  18.0
       Dungeon | 100.0 | 100.0 |   N/A |   N/A | 100.0 |  18.0
               +-------+-------+-------+-------+-------+----------------------
